 Dungeon Crawl Stone Soup version 0.23.2-40-g277498a001 (webtiles) character file.

Game seed: 2858371513690894485

239 Glamhuggeren the Cudgeler (level 5, 42/42 HPs)
             Began as a Demonspawn Gladiator on Oct 7, 2019.
             Was a Follower of Vehumet.
             Quit the game on level 3 of the Dungeon.
             The game lasted 00:07:48 (2712 turns).

Glamhuggeren the Cudgeler (Demonspawn Gladiator)    Turns: 2712, Time: 00:07:49

Health: 42/42      AC:  7    Str: 15    XL:     5   Next: 79%
Magic:  5/5        EV: 13    Int: 10    God:    Vehumet [*.....]
Gold:   133        SH:  0    Dex: 14    Spells: 4/4 levels left

rFire    . . .     SeeInvis .   t - +3 mace (protect)
rCold    . . .     Gourm    .   (no shield)
rNeg     . . .     Faith    .   b - +0 leather armour
rPois    .         Spirit   .   c - +0 helmet
rElec    .         Reflect  .   q - +0 cloak (curse)
rCorr    .         Harm     .   (no gloves)
MR       .....                  (no boots)
Stlth    +.........             (no amulet)
HPRegen  0.14/turn              (no ring)
MPRegen  0.09/turn              (no ring)

@: no status effects
A: hooves 1, thin metallic scales 1
a: Renounce Religion


You were on level 3 of the Dungeon.
You worshipped Vehumet.
Vehumet was aware of your devotion.
You were not hungry.

You visited 1 branch of the dungeon, and saw 3 of its levels.

You collected 133 gold pieces.

Inventory:

Hand Weapons
 a - a +0 flail
 i - a +0 hunting sling
 t - a +3 mace of protection (weapon)
Missiles
 d - 5 throwing nets
 e - 147 stones (quivered)
 j - 43 bolts
Armour
 b - a +0 leather armour (worn)
 c - a +0 helmet (worn)
 q - a cursed +0 cloak (worn)
Scrolls
 g - a scroll of amnesia {unknown}
 h - a scroll of teleportation {unknown}
 k - 4 scrolls of identify {unknown}
 l - a scroll of fear {unknown}
 n - 2 scrolls of enchant armour {unknown}
 o - a scroll of immolation {unknown}
 p - a scroll of remove curse {unknown}
Potions
 m - 2 potions of flight {unknown}
 s - 2 potions of berserk rage
Comestibles
 f - 2 rations


   Skills:
 + Level 3.7 Fighting
 * Level 5.0 Maces & Flails
 - Level 2.0 Throwing
 - Level 3.0 Dodging


You had 4 spell levels left.
You didn't know any spells.
Your spell library was empty.

Dungeon Overview and Level Annotations

Branches:
Dungeon (3/15)

Altars:
Vehumet


Innate Abilities, Weirdness & Mutations

You have large cloven feet.
You are partially covered in thin metallic scales. (AC +2)


Message History

Some of the chunks of flesh in your inventory have rotted away.
All of the chunks of flesh in your inventory have rotted away.
HP restored.
Items here: ÷÷÷÷÷ an adder skeleton; a goblin skeleton; a rat skeleton; a jackal skeleton x2
A giant cockroach comes into view.
The giant cockroach bites you. x2
You barely miss the giant cockroach. You kick the giant cockroach.
You kill the giant cockroach!
Found a stone staircase leading down.
s - 2 potions of berserk rage (gained 1)
Found a stone staircase leading down.
Found a faded altar of an unknown god.
There is a faded altar of an unknown god here.
You cannot tell which god this altar belongs to.
Convert to them anyway?
Vehumet accepts your prayer! Vehumet welcomes you!
You can now gain magical power from killing.
Vehumet offers you knowledge of Shock.
Are you sure you want to abandon this character and quit the game? (Confirm with "yes".)

.......#### ##...##
######.######....>#
#............#
########.....#
##...######
#######.##.....
...........#
#####...8..#
#..8@8.#
#...8.......
#......#####
#...#### #####


There were no monsters in sight!

Vanquished Creatures
  A howler monkey (D:3)
  An orc wizard (D:3)
  3 gnolls (D:3)
  7 adders
  An ooze (D:3)
  2 dart slugs (D:2)
  A leopard gecko (D:3)
  6 orcs (D:3)
  A ball python (D:2)
  6 giant cockroaches
  6 goblins
  7 hobgoblins
  6 jackals
  3 bats
  3 frilled lizards
  6 kobolds
  10 rats
70 creatures vanquished.

Notes
Turn   | Place    | Note
-------+----------+-------------------------------------------
     0 | D:1      | Glamhuggeren the Demonspawn Gladiator began the quest for
                  | the Orb.
     0 | D:1      | Reached XP level 1. HP: 16/16 MP: 1/1
   408 | D:1      | Gained mutation: You have large cloven feet. [demonic
                  | ancestry]
   408 | D:1      | Reached XP level 2. HP: 18/22 MP: 2/2
   742 | D:1      | Reached skill level 3 in Maces & Flails
   934 | D:2      | Gained mutation: You are partially covered in thin metallic
                  | scales. (AC +2) [demonic ancestry]
   934 | D:2      | Reached XP level 3. HP: 16/28 MP: 3/3
  1639 | D:2      | Reached XP level 4. HP: 29/34 MP: 4/4
  1910 | D:2      | Reached skill level 4 in Maces & Flails
  2351 | D:3      | Reached XP level 5. HP: 41/41 MP: 5/5
  2452 | D:3      | Reached skill level 5 in Maces & Flails
  2703 | D:3      | Found a faded altar of an unknown god.
  2711 | D:3      | Became a worshipper of Vehumet
  2711 | D:3      | Reached * piety under Vehumet
  2711 | D:3      | Offered knowledge of Shock by Vehumet.
  2712 | D:3      | Quit the game

Skill      XL: |  1  2  3  4  5 |
---------------+----------------+-----
Throwing       | 2 |  2.0
Maces & Flails | 3 4 5 |  5.0
Dodging        | 3 |  3.0
Fighting       | 3 |  3.7

Action                   |  1- 3 |  4- 6 || total
-------------------------+-------+-------++-------
Melee: Flail             |   109 |   110 ||   219
       Kick              |    15 |    29 ||    44
       Mace              |       |     1 ||     1
Throw: Stone             |       |     2 ||     2
  Use: Potion            |       |     2 ||     2
  Eat: Chunk             |     2 |     4 ||     6
Armor: Leather armour    |    37 |    31 ||    68
Dodge: Dodged            |    91 |    91 ||   182
